 Dungeon Crawl Stone Soup version 0.24-a0-250-g6074511 (webtiles) character file.

Game seed: 8930664039071677820

625 Borgoz the Cutter (level 7, -2/43 HPs)
             Began as a Kobold Gladiator on Apr 14, 2019.
             Was an Initiate of Ashenzari.
             Splashed by a jelly's acid (4 damage)
             ... on level 5 of the Dungeon.
             The game lasted 00:06:40 (3974 turns).

Borgoz the Cutter (Kobold Gladiator)                Turns: 3974, Time: 00:06:40

Health: -2/43      AC:  5    Str: 12    XL:     7   Next: 76%
Magic:  7/7        EV: 14    Int: 14    God:    Ashenzari [......]
Gold:   336        SH:  0    Dex: 17    Spells: 6/6 levels left

rFire    . . .     SeeInvis .   a - +0 rapier
rCold    . . .     Gourm    .   (shield restricted)
rNeg     + . .     Faith    .   r - +0 scale mail (curse)
rPois    .         Spirit   .   c - +1 helmet
rElec    .         Reflect  .   l - +2 cloak
rCorr    .         Harm     .   k - +0 pair of gloves
MR       .....                  (no boots)
Stlth    ++........             (no amulet)
HPRegen  0.00/turn              j - +4 ring of intelligence
MPRegen  0.10/turn              v - ring of positive energy

@: corroded, non-regenerating, diseased
A: small, carnivore
a: Curse Item, Renounce Religion


You were on level 5 of the Dungeon.
You worshipped Ashenzari.
Ashenzari was noncommittal.
You were very full.

You visited 2 branches of the dungeon, and saw 6 of its levels.

You collected 336 gold pieces.

Inventory:

Hand Weapons
 a - a +0 rapier (weapon)
 b - a +1 short sword of holy wrath
Armour
 c - a +1 helmet (worn)
 k - a +0 pair of gloves (worn)
 l - a +2 cloak (worn)
 r - a cursed +0 scale mail (worn)
Jewellery
 j - a +4 ring of intelligence (left hand)
 v - a ring of positive energy (right hand)
 w - an uncursed ring of fire
Scrolls
 e - 2 scrolls of enchant armour
 g - 3 scrolls of identify
 h - 4 scrolls of remove curse
 i - 2 scrolls of teleportation
 m - 3 scrolls of fog
 n - 5 scrolls of magic mapping {unknown}
 o - a scroll of enchant weapon {unknown}
 q - a scroll of noise {unknown}
 u - a scroll of fear {unknown}
Potions
 p - a potion of cancellation {unknown}
 s - a potion of magic
 x - a potion of heal wounds
 z - 4 potions of curing
Comestibles
 f - 9 rations
 t - 3 chunks of flesh


   Skills:
 + Level 4.0 Fighting
 + Level 5.7 Short Blades
 - Level 2.1 Throwing
 * Level 3.5 Armour
 + Level 5.2 Dodging
 + Level 4.3 Stealth


You had 6 spell levels left.
You didn't know any spells.
Your spell library contained the following spells:

 Spells                   Type           Power        Failure   Level  Hunger
 Infusion                 Chrm           #...         80%         1    ##.....
 Magic Dart               Conj           #...         80%         1    ##.....
 Searing Ray              Conj           #.....       91%         2    ###....
 Dazzling Spray           Conj/Hex       #.....       99%         3    ####...
 Force Lance              Conj/Tloc      #.......     100%        4    #####..
 Fulminant Prism          Conj/Hex       #.........   100%        4    #####..
 Iskenderun's Mystic Bla  Conj           #.......     100%        4    #####..


Dungeon Overview and Level Annotations

Branches:
Dungeon (5/15)             Temple (1/1) D:4

Altars:
Ashenzari
Cheibriados
Dithmenos
Fedhas
Gozag
Hepliaklqana
Kikubaaqudgha
Nemelex Xobeh
Okawaru
Ru
Trog
Uskayaw
Vehumet
Wu Jian
Yredelemnul
Zin


Innate Abilities, Weirdness & Mutations

You are small and have problems with some larger weapons.
You are carnivorous and can eat meat at any time.


Message History

The jelly is severely wounded.
The jelly struggles against the net.
The net rips apart, and the jelly comes free!
You hit the jelly. The acid corrodes you!
Your hands burn!
* * * LOW HITPOINT WARNING * * *
The jelly is almost dead.
The jelly hits you but does no damage.
Throwing (i - inventory)
d - a throwing net (quivered)
Press: ? - help, Shift-Dir - straight line, f/p - jelly
Aim: a jelly (almost dead)
You throw a throwing net. The throwing net hits the jelly.
The jelly is caught in the net!
The jelly is almost dead.
The jelly struggles against the net.
You hit the jelly but do no damage.
Your hands burn!
* * * LOW HITPOINT WARNING * * *
The jelly is almost dead.
The jelly struggles against the net.
You hit the jelly but do no damage.
Your hands burn!
You die...

#.....### ##.##...#
##..#...####..#...#
###.####.#....#....#
###...# #...........#
#.....# #....##..##.#
#.....# #....##.##
#.....# #.......###.#
###.######.###.......#
#....@J..##....###...
#######()#..#.## #
#)รท..##.# #)..#......
#......#.###
#..#.###..# #<....# #.
#.#...# #.###.#


You could see a jelly (caught).

Vanquished Creatures
  A centaur (D:5)
  A necrophage (D:5)
  2 howler monkeys
  3 orc wizards (D:4)
  Jessica (D:2)
  3 worker ants
  2 hound skeletons (D:4)
  6 adders
  2 shadow imps (D:5)
  3 worms
  2 dart slugs
  3 leopard geckos
  9 orcs
  2 ball pythons
  4 giant cockroaches
  4 goblins
  4 hobgoblins
  4 jackals
  4 quokkas
  6 bats
  7 frilled lizards
  13 kobolds
  9 rats
95 creatures vanquished.

Notes
Turn   | Place    | Note
-------+----------+-------------------------------------------
     0 | D:1      | Borgoz the Kobold Gladiator began the quest for the Orb.
     0 | D:1      | Reached XP level 1. HP: 12/12 MP: 1/1
    65 | D:1      | Reached XP level 2. HP: 17/17 MP: 2/2
   642 | D:1      | Reached skill level 1 in Stealth
   779 | D:1      | Reached skill level 1 in Armour
   881 | D:2      | Reached XP level 3. HP: 22/22 MP: 3/3
   912 | D:2      | Found a faded altar of an unknown god.
   948 | D:2      | Reached XP level 4. HP: 11/27 MP: 4/4
  1826 | D:2      | Noticed Jessica
  1835 | D:2      | Killed Jessica
  1835 | D:2      | Reached XP level 5. HP: 29/32 MP: 5/5
  1914 | D:2      | Identified Jessica's Almanac of Boosts
  2136 | D:3      | Noticed a +0 hand axe
  2136 | D:3      | Noticed a +0 hand axe
  2139 | D:3      | Found a hide-covered altar of Uskayaw.
  2342 | D:3      | Found a sacrificial altar of Ru.
  2967 | D:4      | Reached XP level 6. HP: 35/37 MP: 6/6
  3006 | D:4      | Reached skill level 5 in Short Blades
  3572 | D:4      | Found a staircase to the Ecumenical Temple.
  3644 | Temple   | Entered the Ecumenical Temple
  3736 | Temple   | Became a worshipper of Ashenzari the Shackled
  3780 | D:5      | Entered Level 5 of the Dungeon
  3843 | D:5      | Reached skill level 5 in Dodging
  3843 | D:5      | Reached XP level 7. HP: 11/42 MP: 7/7
  3951 | D:5      | HP: 1/40 [necrophage (4)]
  3973 | D:5      | HP: 2/43 [acid (3)]
  3974 | D:5      | Splashed by a jelly's acid

Levels and vault maps discovered:
D:1:      ebering_trefoil_3fold, layout_basic, st_stairs_8
D:2:      layout_loops_ring, chequers_ecumenical_altar_simple,
          kennysheep_jessica_study
D:3:      layout_basic, dancing_weapons_uskayaw,
          nicolae_ru_the_path_less_chosen, grunt_decor_cap
D:4:      layout_cave_pools, minmay_temple_entry_antechambers, first_ration,
          dk_noncrumbling_3
D:5:      layout_rooms, kennysheep_mini_moat, tso_metal_star
Temple:   zaba_magenta_temple

Skill      XL: |  1  2  3  4  5  6  7 |
---------------+----------------------+-----
Stealth        | 1 2 3 4 |  4.3
Armour         | 1 2 3 |  3.5
Dodging        | 4 5 |  5.2
Fighting       | 3 4 |  4.0
Short Blades   | 5 |  5.7
Throwing       | |  2.1

Action                   |  1- 3 |  4- 6 |  7- 9 || total
-------------------------+-------+-------+-------++-------
Melee: Rapier            |    73 |   239 |    71 ||   383
Throw: Throwing net      |     1 |       |     2 ||     3
  Use: Potion            |       |     3 |     1 ||     4
       Scroll            |       |     7 |       ||     7
 Stab: Sleeping          |     4 |     7 |       ||    11
  Eat: Chunk             |     5 |    12 |     1 ||    18
Armor: Leather armour    |     8 |    47 |       ||    55
       Scale mail        |       |    58 |    20 ||    78
Dodge: Dodged            |    43 |   199 |    36 ||   278

Table legend:
 A = Non-vault XP
 B = Vault XP
 C = Vault XP percentage of total XP
 D = Non-vault monster count
 E = Vault monster count
 F = Vault count percentage of total count
                 A         B        C        D         E       F
            +---------+---------+-------+---------+---------+-------
      Total |     852 |      41 |   4.6 |      92 |       3 |   3.2
            +---------+---------+-------+---------+---------+-------
        D:1 |      26 |       2 |   7.1 |      19 |       1 |   5.0
        D:2 |     116 |      39 |  25.2 |      27 |       2 |   6.9
        D:3 |      61 |       0 |   0.0 |      16 |       0 |   0.0
        D:4 |     238 |       0 |   0.0 |      12 |       0 |   0.0
        D:5 |     411 |       0 |   0.0 |      18 |       0 |   0.0
            +---------+---------+-------+---------+---------+-------
